 Dungeon Crawl Stone Soup version 0.22-a0-179-gb5258fd (webtiles) character file.

163 wolfsongas the Fighter (level 5, 0/57 HPs)
             Began as a Gnoll Wanderer on Feb 14, 2018.
             Slain by a gnoll
             ... wielding a +0 halberd
              (3 damage)
             ... on level 5 of the Dungeon.
             The game lasted 00:05:19 (2804 turns).

wolfsongas the Fighter (Gnoll Wanderer)             Turns: 2804, Time: 00:05:20

Health: 0/57       AC:  8    Str: 14      XL:     5   Next: 44%
Magic:  8/8        EV: 12    Int: 15      God:
Gold:   14         SH:  0    Dex: 14 (15) Spells: 6/6 levels left

rFire    . . .     SeeInvis .   c - +0 quarterstaff
rCold    . . .     Gourm    .   (shield currently unavailable)
rNeg     . . .     Faith    .   n - +0 ring mail
rPois    .         Spirit   .   g - +0 helmet
rElec    .         Reflect  .   (no cloak)
rCorr    .         Harm     .   (no gloves)
MR       .....                  e - +1 pair of boots
Stlth    +.........             (no amulet)
HPRegen  0.19/turn              (no ring)
MPRegen  0.11/turn              (no ring)

@: no status effects
A: distributed training, fangs 1, strong nose
a: no special abilities


You were on level 5 of the Dungeon.
You were not hungry.

You visited 1 branch of the dungeon, and saw 4 of its levels.

You collected 14 gold pieces.

Inventory:

Hand Weapons
 c - a +0 quarterstaff (weapon)
Armour
 e - a +1 pair of boots (worn)
 g - a +0 helmet (worn)
 n - a +0 ring mail (worn)
Wands
 d - a wand of polymorph (15)
 j - a wand of paralysis (9)
 l - a wand of iceblast (11)
Scrolls
 b - 2 scrolls of amnesia
 i - 2 scrolls of identify
 k - a scroll of remove curse
Potions
 h - 2 potions of curing
Miscellaneous
 a - a lamp of fire
Comestibles
 f - 5 rations
 m - 10 chunks of flesh


   Skills:
 + Level 12.1 Fighting
 + Level 1.4 Short Blades
 + Level 1.4 Long Blades
 + Level 1.4 Axes
 + Level 1.4 Maces & Flails
 + Level 1.4 Polearms
 + Level 3.0 Staves
 + Level 1.4 Slings
 + Level 1.4 Bows
 + Level 1.4 Crossbows
 + Level 1.4 Throwing
 + Level 1.4 Armour
 + Level 3.0 Dodging
 + Level 1.4 Stealth
 + Level 1.4 Shields
 + Level 1.4 Unarmed Combat
 + Level 1.4 Spellcasting
 + Level 1.1 Conjurations
 + Level 1.1 Hexes
 + Level 1.1 Charms
 + Level 1.1 Summonings
 + Level 1.1 Necromancy
 + Level 1.1 Translocations
 + Level 1.1 Transmutations
 + Level 1.1 Fire Magic
 + Level 1.1 Ice Magic
 + Level 1.1 Air Magic
 + Level 1.1 Earth Magic
 + Level 1.1 Poison Magic
 + Level 1.6 Invocations
 + Level 4.8 Evocations


You had 6 spell levels left.
You didn't know any spells.

Dungeon Overview and Level Annotations

Branches:
Dungeon (3/15)

Altars:
Ru
Vehumet


Innate Abilities, Weirdness & Mutations

Your experience applies equally to all skills.
You have very sharp teeth.
Your uncanny sense of smell can sniff out nearby items.


Message History

You feel better. The orc barely misses you.
The gnoll hits you from afar with a halberd!
* * * LOW HITPOINT WARNING * * *
The gnoll hits you with a flail.
* * * LOW HITPOINT WARNING * * *
The leopard gecko closely misses you. The orc hits you but does no damage.
The gnoll shaman hits you with a whip!
* * * LOW HITPOINT WARNING * * *
You hit the gnoll shaman. Your bite misses the gnoll shaman.
The gnoll shaman is moderately wounded.
The gnoll barely misses you. The orc barely misses you.
The leopard gecko bites you but does no damage.
The gnoll barely misses you. The orc closely misses you.
The gnoll completely misses you. The gnoll shaman barely misses you.
You hit the gnoll shaman but do no damage.
You bite the gnoll shaman.
The gnoll shaman is heavily wounded.
The leopard gecko barely misses you. The orc hits you but does no damage.
The gnoll hits you from afar with a halberd.
You die...

#########
#.o......
#@gg.....
#lgo.$...
#Z.......
#........
#....<...
.........
..####.##
..# .#
...# #


You could see a gnoll shaman, 2 gnolls, 2 orcs, a leopard gecko zombie and a
leopard gecko.

Vanquished Creatures
  Robin (D:3)
  A gnoll (D:5)
  3 adders
  4 oozes
  2 worms (D:2)
  2 dart slugs
  A leopard gecko (D:1)
  An orc (D:5)
  7 bats
  3 giant cockroaches
  23 goblins
  6 hobgoblins
  12 jackals
  10 kobolds
  A ball python (D:1)
  3 frilled lizards
  2 rats (D:1)
82 creatures vanquished.

Notes
Turn   | Place    | Note
-------+----------+-------------------------------------------
     0 | D:1      | Reached skill level 12 in Fighting
     0 | D:1      | wolfsongas the Gnoll Wanderer began the quest for the Orb.
     0 | D:1      | wolfsongas set off with: a lamp of fire, a potion of lignification, a +0 quarterstaff, a +0 robe, a ration
     0 | D:1      | Reached XP level 1. HP: 31/31 MP: 3/3
    39 | D:1      | Reached XP level 2. HP: 29/38 MP: 5/5
   527 | D:1      | Reached XP level 3. HP: 41/44 MP: 6/6
  1351 | D:1      | Reached skill level 1 in Invocations
  1687 | D:2      | Reached skill level 1 in Short Blades
  1687 | D:2      | Reached skill level 1 in Long Blades
  1687 | D:2      | Reached skill level 1 in Axes
  1687 | D:2      | Reached skill level 1 in Maces & Flails
  1687 | D:2      | Reached skill level 1 in Polearms
  1687 | D:2      | Reached skill level 1 in Slings
  1687 | D:2      | Reached skill level 1 in Bows
  1687 | D:2      | Reached skill level 1 in Crossbows
  1687 | D:2      | Reached skill level 1 in Throwing
  1687 | D:2      | Reached skill level 1 in Armour
  1687 | D:2      | Reached skill level 1 in Stealth
  1687 | D:2      | Reached skill level 1 in Shields
  1687 | D:2      | Reached skill level 1 in Unarmed Combat
  1687 | D:2      | Reached skill level 1 in Spellcasting
  1693 | D:2      | Reached XP level 4. HP: 47/51 MP: 7/7
  1828 | D:2      | Found a radiant altar of Vehumet.
  1978 | D:2      | Reached skill level 1 in Conjurations
  1978 | D:2      | Reached skill level 1 in Hexes
  1978 | D:2      | Reached skill level 1 in Charms
  1978 | D:2      | Reached skill level 1 in Summonings
  1978 | D:2      | Reached skill level 1 in Necromancy
  1978 | D:2      | Reached skill level 1 in Translocations
  1978 | D:2      | Reached skill level 1 in Transmutations
  1978 | D:2      | Reached skill level 1 in Fire Magic
  1978 | D:2      | Reached skill level 1 in Ice Magic
  1978 | D:2      | Reached skill level 1 in Air Magic
  1978 | D:2      | Reached skill level 1 in Earth Magic
  1978 | D:2      | Reached skill level 1 in Poison Magic
  2584 | D:3      | Noticed Robin
  2588 | D:3      | Reached XP level 5. HP: 57/57 MP: 8/8
  2600 | D:3      | Killed Robin
  2746 | D:3      | Found a sacrificial altar of Ru.
  2795 | D:3      | You fall through a shaft for 2 floors!
  2795 | D:5      | Entered Level 5 of the Dungeon
  2802 | D:5      | HP: 2/57 [gnoll shaman/whip (9)]
  2804 | D:5      | Slain by a gnoll

Vault maps used:
D:1:      eino_arrival_water_cross
D:2:      lemuel_doored_altar
D:3:      kennysheep_goblin_castle, nicolae_ru_sacrificial_ziggurat,
          lemuel_flame_loot_1
D:5:      serial_shops, shop, first_ration

Skill      XL: |  1  2  3  4  5 |
---------------+----------------+-----
Fighting       | | 12.1
Invocations    | 1 |  1.6
Short Blades   | 1 |  1.4
Long Blades    | 1 |  1.4
Axes           | 1 |  1.4
Maces & Flails | 1 |  1.4
Polearms       | 1 |  1.4
Slings         | 1 |  1.4
Bows           | 1 |  1.4
Crossbows      | 1 |  1.4
Throwing       | 1 |  1.4
Armour         | 1 |  1.4
Stealth        | 1 |  1.4
Shields        | 1 |  1.4
Unarmed Combat | 1 |  1.4
Spellcasting   | 1 |  1.4
Conjurations   | 1 |  1.1
Hexes          | 1 |  1.1
Charms         | 1 |  1.1
Summonings     | 1 |  1.1
Necromancy     | 1 |  1.1
Translocations | 1 |  1.1
Transmutations | 1 |  1.1
Fire Magic     | 1 |  1.1
Ice Magic      | 1 |  1.1
Air Magic      | 1 |  1.1
Earth Magic    | 1 |  1.1
Poison Magic   | 1 |  1.1
Staves         | 3 |  3.0
Dodging        | 3 |  3.0
Evocations     | |  4.8

Action                   |  1- 3 |  4- 6 || total
-------------------------+-------+-------++-------
Melee: Quarterstaff      |    63 |   104 ||   167
       Bite              |    19 |     8 ||    27
       Spear             |   110 |       ||   110
       Unarmed           |    13 |       ||    13
  Use: Scroll            |     3 |     2 ||     5
       Potion            |     1 |     5 ||     6
 Stab: Distracted        |     1 |       ||     1
       Sleeping          |     1 |       ||     1
  Eat: Chunk             |     1 |     2 ||     3
       Ration            |     1 |       ||     1
Armor: Robe              |    27 |       ||    27
       Skin              |    66 |       ||    66
       Leather armour    |     8 |    18 ||    26
       Ring mail         |       |    39 ||    39
Dodge: Dodged            |   175 |   101 ||   276
Block: Buckler           |    11 |       ||    11

Table legend:
 A = Spawn XP
 B = Non-spawn XP
 C = Spawn XP percentage of total XP
 D = Spawn monster count
 E = Non-spawn monster count
 F = Spawn count percentage of total count
 G = Total turns spent on level
                    A         B        C        D         E        F      G
               +---------+---------+-------+---------+---------+-------+---------
         Total |       0 |     233 |   0.0 |       0 |      82 |   0.0 |  2804
               +---------+---------+-------+---------+---------+-------+---------
           D:1 |       0 |      66 |   0.0 |       0 |      34 |   0.0 |  1595
           D:2 |       0 |      76 |   0.0 |       0 |      23 |   0.0 |   708
           D:3 |       0 |      73 |   0.0 |       0 |      23 |   0.0 |   492
           D:5 |       0 |      18 |   0.0 |       0 |       2 |   0.0 |     9
               +---------+---------+-------+---------+---------+-------+---------
